 Dungeon Crawl Stone Soup version 0.31.0-11-ge490571c62 (webtiles) character file.

Game seed: 8242605915696747596

37 Gadfly the Ruffian (level 3, -5/26 HPs)
             Began as a Demonspawn Shapeshifter on Jan 26, 2024.
             Slain by Crazy Yiuf
             ... wielding a +3 quarterstaff of chaos
              (7 damage)
             ... on level 2 of the Dungeon.
             The game lasted 00:01:18 (1388 turns).

Gadfly the Ruffian (Demonspawn Shapeshifter)        Turns: 1388, Time: 00:01:18

Health: -5/26      AC:  2    Str: 16    XL:     3   Next: 21%
Magic:  3/3        EV: 12    Int: 10    God:
Gold:   115        SH:  0    Dex: 12    Spells: 2/2 levels left

rFire   . . .        b - +2 spear (venom)
rCold   . . .        (no shield)
rNeg    . . .        a - +0 animal skin
rPois   .            (helmet currently unavailable)
rElec   .            (cloak currently unavailable)
rCorr   .            (gloves currently unavailable)
SInv    .            (boots currently unavailable)
Will    .....        (no amulet)
Stlth   +            (no ring)
HPRegen 0.24/turn    (no ring)
MPRegen 0.08/turn

%: no passive effects
@: beast-form
A: beast (slay +1), claws 1
a: Begin Untransformation


You were on level 2 of the Dungeon.
You were a hulking beast.
You visited 1 branch of the dungeon, and saw 2 of its levels.

You collected 115 gold pieces.

Inventory:

Hand Weapons
 b - a +2 spear of venom (weapon)
Armour
 a - a +0 animal skin (worn)
Talismans
 c - a beast talisman
 d - a flux talisman
Scrolls
 e - a scroll of fear {unknown}
 g - 2 scrolls of vulnerability {unknown}
 h - 3 scrolls of enchant weapon {unknown}
 i - 2 scrolls of identify
 m - a scroll of teleportation {unknown}
Potions
 f - a potion of ambrosia
 j - 3 potions of lignification
 k - a potion of degeneration {unknown}
 l - a potion of attraction {unknown}


   Skills:
 + Level 1.5 Fighting
 * Level 2.3 Dodging
 + Level 2.9 Unarmed Combat
 * Level 1.3 Evocations
 + Level 2.8 Shapeshifting


You had 2 spell levels left.
You didn't know any spells.
Your spell library contained the following spells:

 Spells                   Type           Power      Damage    Failure   Level
 Kiss of Death            Conj/Necr      0%         2d5       36%         1
 Confusing Touch          Hex            0%         N/A       75%         3
 Brom's Barrelling Bould  Conj/Erth      0%         2d3       98%         4
 Dispel Undead            Necr           0%         3d6       98%         4
 Leda's Liquefaction      Alch/Erth      0%         N/A       98%         4
 Manifold Assault         Tloc           0%         N/A       98%         4
 Lehudib's Crystal Spear  Conj/Erth      0%         10d2      100%        8


Dungeon Overview and Level Annotations

Branches:
Dungeon (2/15)

Altars:
Sif Muna

Annotations:
D:2 Crazy Yiuf


Innate Abilities, Weirdness & Mutations

You are a hulking beast.
Your limbs bulge with bestial killing power. (Slay +1)
You have sharp fingernails.


Message History

Found a stone staircase leading down.
m - a scroll labelled USHROE HU TOTRE No target in view!
Found a hammer.
Found a runed translucent door.
Found a flail.
A ball python comes into view.
A ball python is nearby!
You reach to attack!
The helpless ball python fails to defend itself.
You hit the ball python.
You kill the ball python!
No target in view!
No target in view!
No target in view!
No target in view!
There is an open door here.
Crazy Yiuf shouts!
Could not explore, unopened runed door.
Could not explore, unopened runed door.
Could not explore, unopened runed door.
You open the door.
You reach to attack!
You closely miss Crazy Yiuf. You hit Crazy Yiuf but do no damage.
Crazy Yiuf is poisoned.
Your claw misses Crazy Yiuf.
Crazy Yiuf grits, "Snoogle sow unthinkable!"
Crazy Yiuf hits you with a +3 quarterstaff of chaos!
Ouch! That really hurt!
You are too injured to fight recklessly!
You hit Crazy Yiuf but do no damage.
Crazy Yiuf looks even sicker.
Your claw misses Crazy Yiuf.
Crazy Yiuf is lightly wounded.
Crazy Yiuf cries, "Prologue!
Fluff mumblescurry high."
Crazy Yiuf hits you with a +3 quarterstaff of chaos!
* * * LOW HITPOINT WARNING * * *
Crazy Yiuf burns you.
* * * LOW HITPOINT WARNING * * *
Crazy Yiuf waves his quarterstaff at you.
Crazy Yiuf attacks as he pursues you!
Crazy Yiuf hits you with a +3 quarterstaff of chaos!
You die...

##..######..##.....##....###.....
#.........####....######.........
#...####### #....# ######.#..
....### #....# #.... ......#
##...# ############. #...#.#
##.## #............ #...#.#####
##.# ###.########. #.........#
#.## #.# #<#. #...#.##### ##h#
#.######.#. #.........# #g##
#.##....... #..##.....# #'#
#.######.#. ...##.....# ... #.#
#.#. #.........# #...#
##.######.#. ..........# #)..#
#........... ..........# #####
#..#######.. ........).# #..# #..
..#.#.....#### #######..# #..


You could see Crazy Yiuf (very poisoned).

Vanquished Creatures
  4 ball pythons
  A bat (D:1)
  7 endoplasms
  2 giant cockroaches (D:1)
  3 goblins
  5 hobgoblins
  3 frilled lizards (D:1)
  4 kobolds
  3 rats
32 creatures vanquished.

Notes
Turn   | Place    | Note
-------+----------+-------------------------------------------
     0 | D:1      | Gadfly the Demonspawn Shapeshifter began the quest for the
                  | Orb.
     0 | D:1      | Reached XP level 1. HP: 15/15 MP: 1/1
   168 | D:1      | Discovered your monstrous ancestry.
   168 | D:1      | Gained mutation: You have sharp fingernails. [demonic
                  | ancestry]
   168 | D:1      | Reached XP level 2. HP: 17/21 MP: 2/2
   374 | D:1      | Reached skill level 1 in Evocations
   811 | D:2      | Got the Codex of the Traveller and the Volcano
   841 | D:2      | Reached XP level 3. HP: 26/26 MP: 3/3
   903 | D:2      | Found a shimmering blue altar of Sif Muna.
  1201 | D:2      | Found a runed translucent door.
  1202 | D:2      | Noticed Crazy Yiuf
  1388 | D:2      | Slain by Crazy Yiuf

Illustrated notes

Levels and vault maps discovered:
D:1:      minmay_arrival_loop, layout_basic
D:2:      layout_basic, basic_altar, uniq_crazy_yiuf_cottage

Skill      XL: |  1  2 |
---------------+-------+-----
Dodging        | 2 |  2.3
Evocations     | 1 |  1.3
Fighting       | |  1.5
Unarmed Combat | |  2.9
Shapeshifting  | |  2.8

Action                     || total
---------------------------++-------
  Melee: Unarmed           ||    53
         Punch             ||     1
         Spear             ||    15
    Use: Scroll            ||     1
   Stab: Sleeping          ||     2
 Armour: Animal skin       ||    25
  Dodge: Dodged            ||    35
